Map: Deathaura LE

Players

Gabber

  • Race: Protoss Protoss
  • League: Diamond
  • Spawn Location: 5:00

Osiris - Winner!

  • Race: Terran Terran
  • League: Diamond
  • Spawn Location: 11:00

VOD

Have the link to the VOD?

Description

Time

  • Played on: Jan. 3, 2021, 10:23 a.m.
  • Length: 9:50
Show
View Real Time Build Order
Export as new Build Order

Gabber Protoss 

Build Orders: Dark Templar Rush 

Get SALT Encoding   

  12  0:01  Probe  
  13  0:14  Pylon  
  13  0:18  Probe  
  14  0:30  Probe  
  14  0:35  Gateway  
  15  0:42  Probe  
  16  0:50  Assimilator  
  16  0:53  Assimilator  
  16  0:54  Probe  
  17  1:06  Probe  
  18  1:18  Probe  
  19  1:22  Gateway  
  19  1:24  Cybernetics Core  
  19  1:30  Probe  
  19  1:32  Pylon  
  20  1:42  Probe  
  21  1:54  Probe  
  21  1:58  Adept (Chrono Boost)  
  24  2:04  Warp Gate  
  24  2:06  Probe  
  25  2:13  Stalker (Chrono Boost)  
  27  2:16  Pylon  
  29  2:30  Zealot (Chrono Boost)  
  29  2:32  Twilight Council, Zealot (Chrono Boost)  
  31  2:52  Zealot  
  31  2:56  Zealot  
  35  3:10  Dark Shrine, Charge (Chrono Boost)  
  35  3:14  Gateway  
  35  3:18  Gateway  
  35  3:36  Pylon  
  35  3:56  Pylon  
  35  4:00  Zealot  
  35  4:01  Zealot  
  39  4:23  Dark Templar x2  
  43  4:25  Dark Templar  
  43  4:27  Zealot  
  47  4:42  Probe  
  47  4:45  Nexus  
  48  4:52  Adept  
  49  4:54  Probe  
  49  4:57  Adept  
  36  5:19  Probe (Chrono Boost)  
  37  5:28  Stargate  
  38  5:29  Probe (Chrono Boost)  
  38  5:30  Stargate  
  38  5:34  Probe (Chrono Boost)  
  39  5:38  Assimilator  
  39  5:40  Assimilator  
  39  5:45  Probe (Chrono Boost)  
  41  5:57  Probe (Chrono Boost)  
  42  6:04  Probe (Chrono Boost)  
  42  6:09  Probe (Chrono Boost)  
  43  6:17  Probe (Chrono Boost)  
  45  6:18  Void Ray x2  
  45  6:19  Probe (Chrono Boost)  
  45  6:25  Probe (Chrono Boost)  
  54  6:29  Probe (Chrono Boost)  
  54  6:30  Cybernetics Core  
  54  6:31  Probe (Chrono Boost)  
  56  6:33  Forge  
  56  6:44  Probe  
  57  6:49  Probe  
  58  6:57  Probe  
  59  7:01  Probe  
  60  7:09  Fleet Beacon, Probe  
  60  7:13  Probe  
  62  7:21  Probe  
  63  7:26  Probe  
  64  7:30  Nexus  
  64  7:35  Assimilator  
  64  7:37  Assimilator  
  64  7:40  Probe  
  64  7:44  Probe  
  66  7:52  Probe  
  66  7:56  Probe  
  68  7:58  Pylon  
  68  7:59  Pylon  
  68  8:02  Pylon  
  68  8:04  Pylon, Probe  
  69  8:08  Probe  
  70  8:16  Probe  
  70  8:17  Carrier x2 (Chrono Boost)  
  77  8:20  Probe  
  84  8:28  Probe  
  84  8:32  Probe  
  84  8:37  Dark Templar  
  84  8:38  Dark Templar  
  84  8:39  Dark Templar  
  84  8:40  Dark Templar  
  92  8:49  Archon x2  
  92  9:02  Pylon  
  92  9:03  Void Ray x2 (Chrono Boost)  
  92  9:05  Pylon  
  98  9:17  Zealot  
  98  9:19  Zealot  
  102  9:25  Pylon  
  102  9:27  Pylon  
Show
View Real Time Build Order
Export as new Build Order

Osiris Terran - Winner!

Build Orders: Reaper Expand 

Get SALT Encoding   

  12  0:00  SCV  
  13  0:12  SCV  
  14  0:17  Supply Depot  
  14  0:24  SCV  
  15  0:38  SCV  
  15  0:39  Barracks  
  16  0:43  Refinery  
  16  0:50  SCV  
  17  1:02  SCV  
  18  1:15  SCV  
  19  1:26  Reaper  
  19  1:27  Orbital Command  
  20  1:41  Command Center  
  20  1:53  SCV  
  21  1:58  Marine  
  22  2:02  Bunker  
  22  2:08  Supply Depot  
  22  2:09  SCV  
  23  2:16  Barracks Reactor  
  23  2:20  Factory  
  23  2:27  Refinery  
  23  2:29  SCV  
  24  2:41  SCV  
  25  2:53  SCV, Marine x2  
  28  3:02  SCV  
  29  3:10  Starport  
  29  3:11  Hellion  
  29  3:12  Marine x2  
  33  3:15  SCV  
  33  3:16  Orbital Command  
  34  3:27  SCV  
  34  3:31  Marine x2  
  37  3:35  Factory Tech Lab  
  37  3:39  SCV  
  37  3:41  Supply Depot  
  38  3:45  SCV  
  38  3:52  SCV  
  39  3:57  Marine x2  
  39  3:58  Barracks, Raven  
  39  3:59  Factory Tech Lab  
  39  4:01  SCV  
  44  4:05  Supply Depot  
  45  4:10  SCV  
  45  4:14  SCV, Barracks  
  45  4:15  Marine  
  45  4:16  Marine  
  48  4:19  Siege Tank  
  48  4:22  SCV  
  52  4:25  Engineering Bay  
  52  4:27  Refinery, SCV  
  53  4:33  Supply Depot  
  53  4:36  Marine x2  
  53  4:38  SCV  
  56  4:41  SCV  
  57  4:50  SCV  
  58  4:56  Siege Tank  
  59  5:11  SCV  
  55  5:14  Bunker  
  55  5:15  Marine x2  
  55  5:18  Stimpack, Marine  
  55  5:19  Starport Reactor  
  55  5:20  Barracks Tech Lab  
  58  5:22  SCV  
  58  5:27  Terran Infantry Weapons Level 1  
  58  5:28  SCV  
  60  5:34  Marine x2  
  63  5:35  SCV  
  63  5:41  Combat Shield, Marine x2  
  65  5:43  Factory Tech Lab  
  65  5:46  SCV  
  65  5:47  SCV  
  67  5:52  Supply Depot  
  67  5:53  Marine x2  
  67  5:56  Medivac  
  71  5:58  SCV  
  71  5:59  SCV  
  71  6:00  Refinery, Medivac  
  71  6:01  Marine x2  
  78  6:13  Marine x2  
  78  6:14  Supply Depot  
  78  6:16  Supply Depot  
  81  6:23  Marauder x2  
  83  6:29  Siege Tank  
  83  6:30  Command Center  
  86  6:35  Marine x2  
  86  6:36  SCV  
  86  6:38  Supply Depot  
  89  6:40  SCV, Supply Depot  
  89  6:44  Medivac  
  89  6:46  Marauder  
  94  6:49  Marauder  
  94  6:52  Medivac  
  94  6:53  SCV  
  99  6:58  Marine x2, Concussive Shells  
  99  7:00  SCV  
  102  7:05  Barracks  
  102  7:07  Barracks  
  102  7:10  Marauder  
  106  7:15  Marauder  
  106  7:16  Siege Tank  
  106  7:17  Marine x2  
  106  7:22  Supply Depot  
  111  7:23  Terran Infantry Armor Level 1  
  111  7:26  Supply Depot  
  111  7:36  Marauder, Marine x2  
  115  7:38  Marauder  
  115  7:39  SCV  
  115  7:42  SCV  
  119  7:45  Orbital Command  
  119  7:53  Barracks Tech Lab  
  119  7:57  Barracks Tech Lab, Supply Depot  
  119  7:58  Marine x2  
  119  7:59  Marauder  
  123  8:06  Marauder  
  123  8:08  Siege Tank  
  123  8:09  Medivac, SCV  
  123  8:10  Medivac  
  133  8:14  Missile Turret  
  133  8:18  Marauder x2, Marine  
  138  8:30  Marauder x2, Marine  
  143  8:36  Orbital Command  
  143  8:37  Missile Turret, Marine  
  143  8:38  SCV x2  
  146  8:44  Marine  
  146  8:46  Marauder  
  149  8:53  Marauder x2  
  149  8:54  Ghost Academy  
  153  8:58  Refinery  
  153  9:01  Marine x2  
  157  9:03  Marauder  
Tags
 
Add a new tag
Caveats
  • Supply blocks, unpowered buildings, or Contaminate may cause inaccurate times.
  • Supply counts are checked every 10 seconds.